 Dungeon Crawl Stone Soup version 0.27-a0-1296-g8ece459b43 (webtiles) character file.

Game seed: 9065740625465174722

62 Delamore the Skirmisher (level 4, -4/37 HPs)
             Began as a Formicid Fighter on June 16, 2021.
             Succumbed to a kobold's poison
             ... on level 2 of the Dungeon.
             The game lasted 00:01:23 (991 turns).

Delamore the Skirmisher (Formicid Fighter)           Turns: 991, Time: 00:01:24

Health: -4/37      AC: 10    Str: 21    XL:     4   Next: 28%
Magic:  4/4        EV:  8    Int:  8    God:
Gold:   61         SH:  9    Dex: 10    Spells: 3/3 levels left

rFire    . . .     SeeInvis +   a - +0 trident
rCold    . . .     Faith    .   c - +0 kite shield
rNeg     . . .     Spirit   .   b - +0 scale mail
rPois    .         Reflect  .   (helmet unavailable)
rElec    .         Harm     .   (no cloak)
rCorr    .         Rampage  .   (no gloves)
Will     .....                  (no boots)
Stlth    ..........             (no amulet)
HPRegen  0.12/turn              e - +4 ring of protection
MPRegen  0.09/turn              (no ring)

@: lethally poisoned (-4 -> -23)
A: permanent stasis, dig shafts and tunnels, antennae 3, four strong arms
a: Dig, Shaft Self


You were on level 2 of the Dungeon.
You visited 1 branch of the dungeon, and saw 2 of its levels.

You collected 61 gold pieces.

Inventory:

Hand Weapons
 a - a +0 trident (weapon)
Armour
 b - a +0 scale mail (worn)
 c - a +0 kite shield (worn)
Jewellery
 e - a +4 ring of protection (left hand)
 h - a ring of ice
Scrolls
 g - a scroll of identify
Potions
 d - a potion of might
 f - 2 potions of flight


   Skills:
 + Level 4.0 Fighting
 * Level 3.6 Polearms
 - Level 3.2 Armour
 - Level 3.6 Shields


You had 3 spell levels left.
You didn't know any spells.
Your spell library contained the following spells:

 Spells                   Type           Power      Damage    Failure   Level
 Corona                   Hex            0%         N/A       98%         1
 Ensorcelled Hibernation  Hex/Ice        0%         N/A       99%         2
 Confusing Touch          Hex            0%         N/A       100%        3
 Dazzling Flash           Conj/Hex       0%         N/A       100%        3
 Tukima's Dance           Hex            0%         N/A       100%        3


Dungeon Overview and Level Annotations

Branches:
Dungeon (2/15)

Altars:


Innate Abilities, Weirdness & Mutations

You cannot be hasted, slowed, berserked, paralysed or teleported.
You can dig through walls and to a lower floor.
You have a pair of large antennae on your head. (SInv)
Your four strong arms can wield two-handed weapons with a shield.


Message History

You feel sick. The kobold hits you but does no damage.
You are more poisoned.
The adder bites you.
You hit the adder.
You kill the adder!
You feel very sick.
The kobold splashes around in the water.
The kobold hits you but does no damage.
You are lethally poisoned!
Your Fighting skill increases to level 4!
You are too injured to fight recklessly!
You are too injured to fight recklessly!
You are too injured to fight recklessly!
You are too injured to fight recklessly!
You are too injured to fight recklessly!
You are too injured to fight recklessly!
You are too injured to fight recklessly!
You are too injured to fight recklessly!
You are too injured to fight recklessly!
You are too injured to fight recklessly!
You are too injured to fight recklessly!
You are too injured to fight recklessly!
You are too injured to fight recklessly!
* * * LOW HITPOINT WARNING * * *
You feel very sick. The kobold barely misses you.
* * * LOW HITPOINT WARNING * * *
You feel very sick. The kobold closely misses you.
Okay, then.
You hit the kobold.
The kobold is severely wounded.
* * * LOW HITPOINT WARNING * * *
You feel very sick.
The kobold hits you with a +2 dagger of venom.
* * * LOW HITPOINT WARNING * * *
You are more poisoned.
You closely miss the kobold.
The kobold is severely wounded.
You die...

# ##.P≈≈≈≈≈≈. ########
#.≈.≈≈≈≈≈P..
.........#####...≈≈≈≈P≈..
.................≈≈≈≈≈...
.........#####...≈≈≈≈≈≈..
........ #...≈P≈≈....
^....... #....≈≈≈≈...
........ ##..≈.≈≈...#
######## #.@.≈≈≈≈... #
##†K≈≈≈.... # #..≈≈..≈..
# #..≈≈≈≈... # #..≈≈≈≈≈..
#..≈≈≈≈≈.. #..≈≈≈≈≈.. ..
#.≈≈≈≈≈≈.. #.


You could see a kobold.

Vanquished Creatures
  An adder (D:2)
  A gnoll (D:1)
  A worm (D:2)
  2 dart slugs (D:1)
  A ball python (D:2)
  4 endoplasms
  4 giant cockroaches
  6 goblins
  A hobgoblin (D:1)
  A quokka (D:1)
  A bat (D:1)
  4 frilled lizards
  4 kobolds
  5 rats
36 creatures vanquished.

Vanquished Creatures (others)
  5 plants (D:2)
5 creatures vanquished.

Grand Total: 41 creatures vanquished

Notes
Turn   | Place    | Note
-------+----------+-------------------------------------------
     0 | D:1      | Delamore the Formicid Fighter began the quest for the Orb.
     0 | D:1      | Reached XP level 1. HP: 18/18 MP: 1/1
    33 | D:1      | Reached XP level 2. HP: 24/24 MP: 2/2
   120 | D:1      | Reached XP level 3. HP: 30/30 MP: 3/3
   639 | D:2      | Found a faded altar of an unknown god.
   681 | D:2      | Reached XP level 4. HP: 28/37 MP: 4/4
   988 | D:2      | Reached skill level 4 in Fighting
   990 | D:2      | HP: 1/37 [kobold (1)]
   991 | D:2      | Succumbed to a kobold's poison

Illustrated notes

Levels and vault maps discovered:
D:1:      saegor_arrival_simple_a, layout_rooms, chequers_arboretum,
          corexii_item_surrounded_by_moat
D:2:      layout_rooms, serial_shops, nicolae_diamond_shop, basic_altar,
          shapermc_ecumenical_altar_venn, nrook_mini_backslash,
          chequers_big_river, bh_walls_and_bars

Skill      XL: |  1  2  3  4 |
---------------+-------------+-----
Polearms       | 3 |  3.6
Fighting       | 4 |  4.0
Armour         | |  3.2
Shields        | |  3.6

Action                   |  1- 3 |  4- 6 || total
-------------------------+-------+-------++-------
Melee: Trident           |    91 |    22 ||   113
  Use: Scroll            |     5 |       ||     5
Armor: Scale mail        |    25 |    14 ||    39
Dodge: Dodged            |    22 |    10 ||    32
Block: Kite shield       |    26 |    16 ||    42

Table legend: (Time is in decaauts)
 A = Elapsed time spent in this place.
 B = Non-inter-level travel time spent in this place.
 C = Inter-level travel time spent in this place.
 D = Time resting spent in this place.
 E = Time spent auto-exploring this place.
 F = Levels seen in this place.
 G = Mean time per level.
                   A        B        C        D        E       F      G
               +--------+--------+--------+--------+--------+-----+--------+
         Total |   1026 |    988 |     38 |      0 |    730 |   2 |  513.0 |
       Dungeon |   1026 |    988 |     38 |      0 |    730 |   2 |  513.0 |
               +--------+--------+--------+--------+--------+-----+--------+

Top non-repeatable levels by time:
     D:1: 573 daAuts
     D:2: 453 daAuts
